 Dungeon Sprint DCSS version 0.17-a0-1646-geb1493d (webtiles) character file.

15800000 nuthulu the Conqueror (level 27, -140/273 HPs)
             Began as a Ghoul Monk on Aug 11, 2015.
             Was the Champion of Makhleb.
             Annihilated by a fleshlord
             ... wielding a +9 great mace
              (368 damage)
             ... in the Dungeon (Sprint VIII: "Arena of Blood").
             The game lasted 00:07:47 (158 turns).

nuthulu the Conqueror (Ghoul Monk)                   Turns: 158, Time: 00:07:47

Health: -140/273   AC:  4    Str: 21    XL:     27
Magic:  52/53      EV: 34    Int:  5    God:    Makhleb [******]
Gold:   0          SH:  0    Dex: 18    Spells: 0 memorised, 80 levels left

rFire  . . .     SeeInvis .     i - +∞ Axe of Woe
rCold  + . .     Clarity  .     a - +0 robe
rNeg   + + +     SustAt   .     (no shield)
rPois  ∞         Gourm    .     (no helmet)
rElec  .         Spirit   .     (no cloak)
rCorr  .         Warding  .     (no gloves)
rMut   .         NoTele   +     (no boots)
MR     ++...                    (no amulet)
Stlth  +++++++++.               (no ring)
                                (no ring)

@: rotting, slowed, very slow, very resistant to hostile enchantments,
incredibly stealthy
A: rotting body, claws 1, carnivore 3, cold resistance 1, negative energy
resistance 3, slow healing 1, torment resistance, unbreathing
a: Minor Destruction, Lesser Servant of Makhleb, Major Destruction, Greater
Servant of Makhleb, Renounce Religion


You were in the Dungeon.
You worshipped Makhleb.
Makhleb was exalted by your worship.
You were not hungry.

You visited 1 branch

Inventory:

Hand weapons
 i - the +∞ Axe of Woe (weapon)
   (You found it in the Dungeon)
Armour
 a - a +0 robe (worn)
Scrolls
 h - a scroll of blinking
Potions
 c - a potion of curing
 d - a potion of heal wounds
 e - a potion of haste
 f - 2 potions of magic
 g - a potion of berserk rage
Comestibles
 b - a meat ration


   Skills:
 O Level 27 Fighting
 O Level 27 Axes
 O Level 27 Throwing
 O Level 27 Armour
 O Level 27 Dodging
 O Level 27 Stealth
 O Level 27 Unarmed Combat
 O Level 27 Spellcasting
 O Level 27 Invocations


You had 80 spell levels left.
You didn't know any spells.

Dungeon Overview and Level Annotations

Branches:
Dungeon (1/1)

Altars:
Makhleb


Innate Abilities, Weirdness & Mutations

Your body is rotting away.
You thrive on raw meat.
You are immune to poison.
You have sharp fingernails.
You are carnivorous and can eat meat at any time.
Your flesh is cold resistant.
You are immune to negative energy.
You heal slowly when monsters are visible.
You are immune to unholy pain and torment.
You can survive without breathing.


Message History

You hack one of the eight-headed meat hydra's heads off!
The seven-headed meat hydra grows two more!
You hit the nine-headed meat hydra.
You fatally mangle the nine-headed meat hydra.
You kill the nine-headed meat hydra!
Makhleb accepts your kill.
You are engulfed in roaring flames.
You hear a shout!
You feel something staring at you. Something smites you!
You hear a shout! x4
The accursed points at you and mumbles some strange words.
Something smites you!
The bag of meat is engulfed in roaring flames.
You hear a shout! x2
The meat beast is engulfed in roaring flames.
You hear a shout! x3
The tyrant mumbles some strange words.
The fleshlord hits you with a +9 great mace!!!!!!
Ouch! That really hurt!
You die... ..o......... ooS.o..O... ..{po...... oooM.....X #oopx.2z#

#%.o§§x%# ..
.###...§p2§###o..
o...%.###@ooXMX..
.......x§§o..z...
....#..xoo#SL....
. #_%§S§#X.....
....#.))Mp#.X...@
......)_)).......
......###%{.§....
.###.. ..%###..p
#.. ..%# .


You could see 3 accurseds, 2 meat beasts, a tyrant, 3 scourges, 5 fleshlords, 2
sculptors of flesh, 5 large abominations, The Defiler (wandering), a meat
berserker (berserk), a small abomination and 17 bags of meat.

Vanquished Creatures
  Dispater (D)
  6 hell knights (D)
  15 hell beasts (D)
  8 greater mummies (D)
  8 great orbs of eyes (D)
  5 wraiths (D)
  Harold (D)
  20 vampire knights (D)
  41 ogres (D)
  5 liches (D)
  5 hydras (D)
  53 orcs (D)
  6 phantoms (D)
  8 hill giants (D)
  7 skeletal warriors (D)
  3 sea snakes (D)
  7 large abominations (D)
  6 small abominations (D)
  8 crawling corpses (D)
213 creatures vanquished.

Vanquished Creatures (others)
  A large abomination (D)
  6 crawling corpses (D)
7 creatures vanquished.

Grand Total: 220 creatures vanquished

Notes
Turn   | Place    | Note
--------------------------------------------------------------
     0 | D        | nuthulu the Ghoul Monk began the quest for the Orb.
     0 | D        | Reached XP level 1. HP: 19/19 MP: 0/0
     2 | D        | Noticed a bag of meat
     4 | D        | Became a worshipper of Makhleb the Destroyer
     4 | D        | Acquired Makhleb's first power
     4 | D        | Acquired Makhleb's second power
     5 | D        | Noticed a bag of meat
     5 | D        | Noticed a meat berserker
     7 | D        | Killed a meat berserker
     7 | D        | Reached skill level 18 in Fighting
     7 | D        | Reached skill level 15 in Axes
     7 | D        | Reached skill level 15 in Armour
     7 | D        | Reached skill level 15 in Dodging
     7 | D        | Reached XP level 2. HP: 21/52 MP: 1/1
     7 | D        | Reached XP level 3. HP: 23/59 MP: 2/2
     7 | D        | Reached XP level 4. HP: 26/68 MP: 3/3
     7 | D        | Reached XP level 5. HP: 28/74 MP: 4/4
     7 | D        | Reached XP level 6. HP: 31/82 MP: 5/5
     7 | D        | Reached XP level 7. HP: 34/90 MP: 6/6
     7 | D        | Reached XP level 8. HP: 36/97 MP: 7/7
     7 | D        | Reached XP level 9. HP: 38/104 MP: 8/8
     7 | D        | Reached XP level 10. HP: 41/113 MP: 9/9
     7 | D        | Reached XP level 11. HP: 43/119 MP: 10/10
     7 | D        | Reached XP level 12. HP: 45/127 MP: 11/11
     7 | D        | Reached XP level 13. HP: 47/134 MP: 12/12
     8 | D        | Noticed a meat berserker
     9 | D        | Killed a bag of meat
     9 | D        | Reached skill level 19 in Fighting
     9 | D        | Reached XP level 14. HP: 94/147 MP: 13/13
    10 | D        | Noticed a bag of meat
    10 | D        | Killed a meat berserker
    10 | D        | Acquired Makhleb's third power
    10 | D        | Reached skill level 21 in Fighting
    10 | D        | Reached XP level 15. HP: 98/160 MP: 14/14
    11 | D        | Killed a bag of meat
    11 | D        | Reached skill level 22 in Fighting
    14 | D        | Noticed a bag of meat
    16 | D        | Killed a bag of meat
    16 | D        | Acquired Makhleb's fourth power
    16 | D        | Reached skill level 23 in Fighting
    16 | D        | Reached XP level 16. HP: 168/173 MP: 15/15
    17 | D        | Noticed a bag of meat
    18 | D        | Noticed a meat berserker
    20 | D        | Killed a meat berserker
    20 | D        | Reached skill level 25 in Fighting
    20 | D        | Killed a bag of meat
    20 | D        | Reached skill level 26 in Fighting
    20 | D        | Reached XP level 17. HP: 180/188 MP: 16/16
    23 | D        | Killed a bag of meat
    23 | D        | Acquired Makhleb's fifth power
    25 | D        | Noticed a destroyer
    27 | D        | Noticed a large bag of meat
    27 | D        | Killed a destroyer
    27 | D        | Reached skill level 27 in Fighting
    27 | D        | Reached XP level 18. HP: 197/200 MP: 17/17
    29 | D        | Killed a large bag of meat
    30 | D        | Noticed a destroyer
    30 | D        | Noticed a bag of meat
    30 | D        | Noticed a bag of meat
    30 | D        | Noticed a bag of meat
    30 | D        | Noticed a destroyer
    31 | D        | Noticed a destroyer
    31 | D        | Noticed a bag of meat
    31 | D        | Noticed a meat berserker
    31 | D        | Noticed The Servant
    31 | D        | Killed The Servant
    31 | D        | Reached skill level 27 in Axes
    31 | D        | Reached skill level 27 in Armour
    31 | D        | Reached skill level 27 in Dodging
    31 | D        | Reached skill level 10 in Invocations
    31 | D        | Reached XP level 19. HP: 207/207 MP: 17/29
    32 | D        | Noticed a bag of meat
    32 | D        | Noticed a bag of meat
    32 | D        | Noticed a bag of meat
    33 | D        | Noticed a bag of meat
    33 | D        | Noticed a destroyer
    35 | D        | Noticed a destroyer
    36 | D        | Noticed a large bag of meat
    36 | D        | Killed a destroyer
    36 | D        | Reached skill level 15 in Unarmed Combat
    36 | D        | Reached skill level 15 in Invocations
    37 | D        | Killed a destroyer
    37 | D        | Reached skill level 15 in Throwing
    37 | D        | Reached XP level 20. HP: 216/216 MP: 18/37
    37 | D        | Killed a bag of meat
    37 | D        | Reached skill level 15 in Spellcasting
    37 | D        | Killed a meat berserker
    37 | D        | Reached XP level 21. HP: 224/224 MP: 18/40
    38 | D        | Noticed a destroyer
    38 | D        | Killed a destroyer
    38 | D        | Killed a destroyer
    38 | D        | Reached XP level 22. HP: 233/233 MP: 18/45
    39 | D        | Killed a bag of meat
    39 | D        | Reached skill level 27 in Stealth
    40 | D        | Killed a bag of meat
    40 | D        | Killed a bag of meat
    40 | D        | Reached skill level 27 in Unarmed Combat
    41 | D        | Noticed a destroyer
    41 | D        | Killed a bag of meat
    41 | D        | Reached skill level 27 in Invocations
    42 | D        | Killed a large bag of meat
    42 | D        | Killed a destroyer
    42 | D        | Reached skill level 27 in Throwing
    42 | D        | Reached XP level 23. HP: 240/240 MP: 19/52
    42 | D        | Killed a bag of meat
    42 | D        | Reached skill level 27 in Spellcasting
    44 | D        | Killed a destroyer
    44 | D        | Killed a bag of meat
    45 | D        | Noticed a meat berserker
    45 | D        | Killed a bag of meat
    45 | D        | Reached XP level 24. HP: 249/249 MP: 19/53
    47 | D        | Noticed a bag of meat
    47 | D        | Killed a destroyer
    48 | D        | Noticed a destroyer
    49 | D        | Killed a meat berserker
    50 | D        | Noticed a sculptor of flesh
    51 | D        | Noticed a destroyer
    51 | D        | Noticed a destroyer
    51 | D        | Noticed a sculptor of flesh
    52 | D        | Noticed a sculptor of flesh
    52 | D        | Noticed a bag of meat
    53 | D        | Noticed a large bag of meat
    53 | D        | Killed a destroyer
    53 | D        | Reached XP level 25. HP: 213/257 MP: 22/53
    54 | D        | Noticed a meat berserker
    55 | D        | Killed a bag of meat
    56 | D        | Noticed an accursed
    56 | D        | Noticed a meat berserker
    56 | D        | Killed a meat berserker
    56 | D        | Killed a sculptor of flesh
    57 | D        | Noticed a meat berserker
    57 | D        | Killed a destroyer
    57 | D        | Killed a destroyer
    57 | D        | Reached XP level 26. HP: 266/266 MP: 23/53
    59 | D        | Noticed a bag of meat
    59 | D        | Noticed an accursed
    59 | D        | Killed a meat berserker
    59 | D        | Killed a sculptor of flesh
    59 | D        | Killed a large bag of meat
    60 | D        | Killed a meat berserker
    60 | D        | Reached XP level 27. HP: 270/273 MP: 23/53
    62 | D        | Killed a sculptor of flesh
    63 | D        | Killed a bag of meat
    65 | D        | Noticed a meat berserker
    65 | D        | Noticed a meat beast
    66 | D        | Noticed a meat berserker
    66 | D        | Killed a meat beast
    67 | D        | Noticed an accursed
    67 | D        | Noticed a meat beast
    68 | D        | Noticed a bag of meat
    68 | D        | Noticed an accursed
    68 | D        | Killed a bag of meat
    68 | D        | Killed a meat berserker
    68 | D        | Killed a meat beast
    69 | D        | Killed an accursed
    70 | D        | Noticed a bag of meat
    70 | D        | Noticed a meat berserker
    70 | D        | Noticed a destroyer
    70 | D        | Noticed a meat berserker
    70 | D        | Killed a meat berserker
    71 | D        | Noticed a dread
    71 | D        | Killed an accursed
    72 | D        | Noticed a meat beast
    72 | D        | Noticed a sculptor of flesh
    72 | D        | Killed a destroyer
    73 | D        | Noticed a meat berserker
    73 | D        | Noticed a meat berserker
    74 | D        | Noticed a meat beast
    74 | D        | Killed a meat berserker
    74 | D        | Killed an accursed
    75 | D        | Noticed a meat beast
    75 | D        | Noticed a meat berserker
    75 | D        | Noticed a dread
    76 | D        | Noticed a bag of meat
    76 | D        | Killed a meat berserker
    76 | D        | Killed a dread
    77 | D        | Noticed a meat berserker
    77 | D        | Killed a meat beast
    77 | D        | Killed a meat berserker
    77 | D        | Killed a meat beast
    78 | D        | Killed a meat berserker
    79 | D        | Killed a bag of meat
    80 | D        | Killed a meat beast
    81 | D        | Noticed a sculptor of flesh
    81 | D        | Noticed a meat berserker
    82 | D        | Killed a meat berserker
    83 | D        | Noticed a bag of meat
    83 | D        | Noticed a meat beast
    83 | D        | Killed a meat berserker
    83 | D        | Killed a meat berserker
    84 | D        | Killed an accursed
    84 | D        | Killed a dread
    85 | D        | Noticed a meat berserker
    85 | D        | Killed a bag of meat
    86 | D        | Killed a sculptor of flesh
    86 | D        | Noticed a destroyer
    87 | D        | Killed a meat beast
    87 | D        | Killed a meat berserker
    88 | D        | Noticed a bag of meat
    88 | D        | Killed a bag of meat
    89 | D        | Killed a bag of meat
    90 | D        | Noticed a meat berserker
    90 | D        | Killed a destroyer
    91 | D        | Noticed a bag of meat
    91 | D        | Noticed a destroyer
    92 | D        | Killed a meat berserker
    92 | D        | Killed a wretched soul
    93 | D        | Killed a wretched soul
    93 | D        | Noticed a bag of meat
    94 | D        | Noticed a bag of meat
    94 | D        | Noticed a meat berserker
    95 | D        | Noticed a bag of meat
    95 | D        | Noticed a tyrant
    95 | D        | Noticed a destroyer
    95 | D        | Killed a bag of meat
    96 | D        | Noticed a bag of meat
    96 | D        | Noticed a meat berserker
    96 | D        | Noticed a sculptor of flesh
    97 | D        | Noticed a meat berserker
    97 | D        | Killed a meat berserker
    98 | D        | Killed a bag of meat
    98 | D        | Killed a wretched soul
    99 | D        | Noticed a bag of meat
    99 | D        | Noticed an accursed
   100 | D        | Killed a bag of meat
   100 | D        | Killed a meat berserker
   100 | D        | Killed a destroyer
   101 | D        | Noticed a meat berserker
   101 | D        | Killed a tyrant
   102 | D        | Killed a bag of meat
   103 | D        | Killed a bag of meat
   103 | D        | Killed a meat berserker
   104 | D        | Noticed a tyrant
   105 | D        | Noticed a meat berserker
   105 | D        | Killed a bag of meat
   106 | D        | Killed a sculptor of flesh
   107 | D        | Noticed a meat beast
   107 | D        | Noticed an accursed
   107 | D        | Killed a meat berserker
   108 | D        | Noticed an accursed
   109 | D        | Noticed a meat berserker
   109 | D        | Noticed a bag of meat
   109 | D        | Noticed a bag of meat
   109 | D        | Killed a destroyer
   110 | D        | Noticed a large bag of meat
   110 | D        | Noticed a meat berserker
   111 | D        | Noticed a tyrant
   111 | D        | Noticed a bag of meat
   111 | D        | Killed a meat berserker
   112 | D        | Noticed a destroyer
   112 | D        | Killed a tyrant
   113 | D        | Noticed a bag of meat
   113 | D        | Noticed a meat berserker
   113 | D        | Noticed a bag of meat
   114 | D        | Noticed a meat berserker
   114 | D        | Killed a meat berserker
   114 | D        | Killed a meat beast
   114 | D        | Killed a meat berserker
   115 | D        | Noticed a bag of meat
   117 | D        | Killed a destroyer
   117 | D        | Killed an observer
   117 | D        | Killed an observer
   118 | D        | Killed a meat berserker
   118 | D        | Killed an accursed
   118 | D        | Killed an observer
   119 | D        | Noticed a meat berserker
   120 | D        | Killed a bag of meat
   120 | D        | Killed a bag of meat
   121 | D        | Noticed a bag of meat
   121 | D        | Killed a large bag of meat
   122 | D        | Killed an accursed
   123 | D        | Noticed a dread
   123 | D        | Killed a meat berserker
   123 | D        | Killed a bag of meat
   124 | D        | Noticed a meat berserker
   124 | D        | Noticed a fleshlord
   124 | D        | Killed an accursed
   124 | D        | Killed a bag of meat
   124 | D        | Killed an observer
   125 | D        | Noticed a bag of meat
   127 | D        | Noticed a bag of meat
   127 | D        | Killed a meat berserker
   127 | D        | Killed a meat berserker
   128 | D        | Killed a bag of meat
   129 | D        | Killed a dread
   131 | D        | Noticed a meat berserker
   131 | D        | Killed a bag of meat
   131 | D        | Killed a bag of meat
   132 | D        | Noticed a fleshlord
   132 | D        | Noticed a meat berserker
   132 | D        | Noticed a bag of meat
   133 | D        | Noticed a bag of meat
   133 | D        | Noticed an accursed
   133 | D        | Killed a bag of meat
   134 | D        | Noticed a bag of meat
   134 | D        | Noticed a meat berserker
   134 | D        | Noticed a meat berserker
   134 | D        | Noticed a fleshlord
   134 | D        | Killed a fleshlord
   134 | D        | Killed a meat berserker
   135 | D        | Killed a meat berserker
   136 | D        | Killed a meat berserker
   137 | D        | Noticed a bag of meat
   137 | D        | Noticed a dread
   137 | D        | Noticed a large bag of meat
   137 | D        | Noticed a large bag of meat
   138 | D        | Killed a tyrant
   138 | D        | Killed a bag of meat
   138 | D        | Noticed a meat beast
   138 | D        | Noticed a meat beast
   139 | D        | Killed a fleshlord
   139 | D        | Killed a meat berserker
   139 | D        | Killed an observer
   139 | D        | Killed a wretched soul
   140 | D        | Noticed a tyrant
   140 | D        | Noticed a bag of meat
   140 | D        | Noticed a bag of meat
   140 | D        | Noticed a meat berserker
   140 | D        | Noticed a bag of meat
   141 | D        | Noticed a bag of meat
   141 | D        | Noticed a dread
   141 | D        | Noticed a sculptor of flesh
   141 | D        | Noticed a destroyer
   141 | D        | Noticed a sculptor of flesh
   141 | D        | Noticed an accursed
   141 | D        | Killed a bag of meat
   141 | D        | Killed a meat beast
   142 | D        | Noticed a meat beast
   142 | D        | Noticed a fleshlord
   142 | D        | Killed a meat beast
   143 | D        | Noticed a meat berserker
   143 | D        | Noticed a bag of meat
   143 | D        | Noticed a destroyer
   143 | D        | Noticed a fleshlord
   143 | D        | Noticed a meat beast
   143 | D        | Killed an accursed
   143 | D        | Killed a bag of meat
   143 | D        | Killed a bag of meat
   144 | D        | Noticed a bag of meat
   144 | D        | Killed a meat beast
   144 | D        | Killed an observer
   144 | D        | Killed a bag of meat
   145 | D        | Noticed a bag of meat
   145 | D        | Noticed a meat berserker
   145 | D        | Killed a meat beast
   145 | D        | Killed a destroyer
   146 | D        | Noticed a bag of meat
   146 | D        | Noticed a large bag of meat
   146 | D        | Noticed a meat berserker
   146 | D        | Noticed a dread
   146 | D        | Killed a meat berserker
   146 | D        | Killed a destroyer
   146 | D        | Killed a bag of meat
   147 | D        | Noticed a bag of meat
   147 | D        | Killed a dread
   148 | D        | Noticed a bag of meat
   148 | D        | Noticed a bag of meat
   148 | D        | Noticed a tyrant
   148 | D        | Noticed a bag of meat
   148 | D        | Noticed a tyrant
   148 | D        | Noticed a destroyer
   148 | D        | Killed a fleshlord
   148 | D        | Killed a large bag of meat
   148 | D        | Killed a bag of meat
   148 | D        | Killed a meat berserker
   149 | D        | Noticed a large bag of meat
   149 | D        | Noticed a destroyer
   149 | D        | Noticed a meat berserker
   149 | D        | Noticed a bag of meat
   149 | D        | Killed a tyrant
   149 | D        | Killed a bag of meat
   149 | D        | Killed a fleshlord
   149 | D        | Killed a sculptor of flesh
   150 | D        | Noticed a bag of meat
   150 | D        | Noticed a bag of meat
   150 | D        | Noticed a meat beast
   150 | D        | Noticed The Meatlord
   150 | D        | Killed a large bag of meat
   150 | D        | Killed a meat berserker
   150 | D        | Killed a meat berserker
   151 | D        | Noticed a bag of meat
   151 | D        | Noticed a fleshlord
   151 | D        | Noticed a bag of meat
   151 | D        | Noticed a sculptor of flesh
   151 | D        | Noticed a meat berserker
   151 | D        | Killed a bag of meat
   151 | D        | Killed a destroyer
   151 | D        | Killed a fleshlord
   152 | D        | Noticed a bag of meat
   152 | D        | Noticed a bag of meat
   152 | D        | Noticed a meat berserker
   152 | D        | Noticed a fleshlord
   152 | D        | Killed a bag of meat
   152 | D        | Killed a bag of meat
   152 | D        | Killed a wretched soul
   152 | D        | Noticed a meat beast
   153 | D        | Noticed a bag of meat
   153 | D        | Noticed a meat beast
   153 | D        | Noticed a bag of meat
   153 | D        | Noticed an accursed
   153 | D        | Noticed a meat beast
   153 | D        | Killed a bag of meat
   153 | D        | Killed a meat beast
   153 | D        | Killed a wretched soul
   154 | D        | Noticed a bag of meat
   154 | D        | Noticed a bag of meat
   154 | D        | Noticed a bag of meat
   154 | D        | Noticed a bag of meat
   154 | D        | Noticed a fleshlord
   154 | D        | Noticed an accursed
   154 | D        | Noticed a meat beast
   154 | D        | Noticed a fleshlord
   154 | D        | Killed a sculptor of flesh
   154 | D        | Killed a meat beast
   154 | D        | Killed a dread
   154 | D        | Killed a bag of meat
   154 | D        | Killed a meat beast
   155 | D        | Noticed a bag of meat
   155 | D        | Killed a meat berserker
   155 | D        | Killed a meat berserker
   155 | D        | Killed a bag of meat
   155 | D        | Killed an observer
   155 | D        | Killed a large bag of meat
   156 | D        | Noticed a bag of meat
   156 | D        | Noticed a bag of meat
   156 | D        | Noticed a fleshlord
   156 | D        | Killed a meat berserker
   156 | D        | Killed a large bag of meat
   156 | D        | Killed a destroyer
   156 | D        | Killed a bag of meat
   157 | D        | Noticed a meat beast
   157 | D        | Noticed a bag of meat
   157 | D        | Killed a bag of meat
   157 | D        | Killed a meat beast
   157 | D        | Killed The Meatlord
   157 | D        | Killed a bag of meat
   157 | D        | Killed an observer
   158 | D        | Noticed a meat berserker
   158 | D        | Noticed a bag of meat
   158 | D        | Noticed a bag of meat
   158 | D        | Noticed a sculptor of flesh
   158 | D        | Killed a tyrant
   158 | D        | Killed a bag of meat
   158 | D        | Killed a fleshlord
   158 | D        | Killed a bag of meat
   158 | D        | Annihilated by a fleshlord

Vault maps used:
D:        meatsprint

Action                   |  1- 3 |  4- 6 |  7- 9 | 10-12 | 13-15 | 16-18 | 19-21 | 22-24 | 25-27 || total
-------------------------+-------+-------+-------+-------+-------+-------+-------+-------+-------++-------
Melee: Executioner's axe |     1 |       |       |       |     4 |     5 |     3 |    10 |    85 ||   108
Invok: Greater Servant o |       |       |       |       |       |       |       |       |     4 ||     4
 Stab: Distracted        |       |       |       |       |       |       |       |       |     1 ||     1
